BSA
SAN FRANCISCO BANDITS @ SEATTLE PIKES
09/28/2030
 
TOP OF THE 1ST
San Francisco Bandits batting - Pitching for Seattle Pikes : LHP Darren Blackwell
Pitching: LHP Darren Blackwell
Batting: RHB Scott Merritt 0-0: Ball
1-0: Ball
2-0: DOUBLE (Line Drive, 89M)
Batting: RHB Peter Bishop 0-0: Swinging Strike
0-1: Foul Ball, location: 2F
0-2: Ball
1-2: Ball
2-2: SINGLE (Groundball, 56D)
Scott Merritt to third
Runner from 3rd tries for Home, SAFE, throw made home
Peter Bishop to second
Batting: LHB Chris Austin 0-0: Ball
1-0: Called Strike
1-1: Ball
2-1: Swinging Strike
2-2: Fly out, F5 (Popup, 5L)
Batting: RHB Owen Carter 0-0: Ball
1-0: Fly out, F8 (Line Drive, 8LM)
Batting: SHB Terry Dailey 0-0: Swinging Strike
0-1: Ball
1-1: Ball
2-1: Foul Ball, location: 2F
2-2: Ball
3-2: SINGLE (Flyball, 89S)
Peter Bishop to third
Peter Bishop scores
Batting: RHB Millard Stark 0-0: Ball
1-0: Ground out 1-3 (Groundball, 13S)
Top of the 1st over - 2 runs, 3 hits, 0 errors, 1 left on base; San Francisco 2 - Seattle 0
BOTTOM OF THE 1ST
Seattle Pikes batting - Pitching for San Francisco Bandits : LHP Manuel Rodríguez
Pitching: LHP Manuel Rodríguez
Batting: RHB Anthony Rucker 0-0: Called Strike
0-1: Ball
1-1: SINGLE (Groundball, 6MD)
Batting: RHB Seiji Kouno 0-0: Ball
1-0: Called Strike
1-1: Foul Ball, location: 2F
1-2: Ball
2-2: Ball
3-2: Ground out 4-3 (Groundball, 4)
Anthony Rucker to second
Batting: RHB Pete Rideout 0-0: Foul Ball, location: 2F
0-1: Ball
1-1: Ball
2-1: Foul Ball, location: 2F
2-2: Ball
3-2: Base on Balls
Batting: RHB Murai Ishihara 0-0: Ball
1-0: Ball
2-0: Swinging Strike
2-1: Fly out, F8 (Flyball, 8RD)
Batting: RHB Juan Estrada 0-0: Ball
1-0: Foul Ball, location: 2F
1-1: Ball
2-1: Ball
3-1: Swinging Strike
3-2: Foul Ball, location: 2F
3-2: Base on Balls
Anthony Rucker to third
Pete Rideout to second
Batting: LHB Richard Hunter 0-0: Ball
1-0: Fly out, F7 (Flyball, 7S)
Bottom of the 1st over - 0 runs, 1 hit, 0 errors, 3 left on base; San Francisco 2 - Seattle 0
TOP OF THE 2ND
San Francisco Bandits batting - Pitching for Seattle Pikes : LHP Darren Blackwell
Batting: LHB Alan McGilroy 0-0: Foul Ball, location: 2F
0-1: Ball
1-1: Ball
2-1: Ball
3-1: Ground out 4-3 (Groundball, 4)
Batting: SHB Ángel González 0-0: Ball
1-0: Ball
2-0: Ball
3-0: Base on Balls
Batting: RHB Lorenzo Mota 0-0: Ball
1-0: Ball
2-0: Called Strike
2-1: Ball
3-1: Base on Balls
Ángel González to second
Batting: RHB Scott Merritt 0-0: Ball
1-0: Called Strike
1-1: Ball
2-1: SINGLE (Groundball, 56D)
Ángel González to third
Lorenzo Mota to second
Runner from 3rd tries for Home, SAFE, no throw
Batting: RHB Peter Bishop 0-0: Ball
1-0: Swinging Strike
Passed Ball!
Lorenzo Mota to third
Scott Merritt to second
1-1: Swinging Strike
1-2: Strikes out swinging
Batting: LHB Chris Austin 0-0: Ground out U3 (Groundball, 34)
Top of the 2nd over - 1 run, 1 hit, 0 errors, 2 left on base; San Francisco 3 - Seattle 0
BOTTOM OF THE 2ND
Seattle Pikes batting - Pitching for San Francisco Bandits : LHP Manuel Rodríguez
Batting: RHB Robert Johnson 0-0: Ball
1-0: Foul Ball, location: 2F
1-1: Called Strike
1-2: Strikes out swinging
Batting: RHB Esteban Concepción 0-0: Ball
1-0: Swinging Strike
1-1: Ground out 5-3 (Groundball, 56)
Batting: SHB Richard Bowman 0-0: Ball
1-0: Swinging Strike
1-1: Ground out 6-3 (Groundball, 6M)
Bottom of the 2nd over - 0 runs, 0 hits, 0 errors, 0 left on base; San Francisco 3 - Seattle 0
TOP OF THE 3RD
San Francisco Bandits batting - Pitching for Seattle Pikes : LHP Darren Blackwell
Batting: RHB Owen Carter 0-0: Called Strike
0-1: Ball
1-1: Foul Ball, location: 2F
1-2: Foul Ball, location: 2F
1-2: Ball
2-2: Fly out, F8 (Flyball, 89D)
Batting: SHB Terry Dailey 0-0: Foul Ball, location: 2F
0-1: Called Strike
0-2: Ball
1-2: Foul Ball, location: 2F
1-2: Foul Ball, location: 2F
1-2: Ball
2-2: Strikes out swinging
Batting: RHB Millard Stark 0-0: Foul Ball, location: 2F
0-1: Called Strike
0-2: Strikes out swinging
Top of the 3rd over - 0 runs, 0 hits, 0 errors, 0 left on base; San Francisco 3 - Seattle 0
BOTTOM OF THE 3RD
Seattle Pikes batting - Pitching for San Francisco Bandits : LHP Manuel Rodríguez
Batting: RHB Anthony Rucker 0-0: Foul Ball, location: 2F
0-1: Called Strike
0-2: Ball
1-2: Strikes out swinging
Batting: RHB Seiji Kouno 0-0: Foul Ball, location: 2F
0-1: Foul Ball, location: 2F
0-2: Foul Ball, location: 2F
0-2: Foul Ball, location: 2F
0-2: Fly out, F6 (Line Drive, 6MD)
Batting: RHB Pete Rideout 0-0: Ball
1-0: Ball
2-0: Foul Ball, location: 2F
2-1: Ball
3-1: Base on Balls
Batting: RHB Murai Ishihara 0-0: Called Strike
0-1: Ball
Passed Ball!
Pete Rideout to second
1-1: Ball
2-1: Ball
3-1: DOUBLE (Flyball, 8RXD)
Pete Rideout scores
Batting: RHB Juan Estrada 0-0: Called Strike
0-1: Called Strike
0-2: Foul Ball, location: 2F
0-2: Fly out, F5 (Popup, 5)
Bottom of the 3rd over - 1 run, 1 hit, 0 errors, 1 left on base; San Francisco 3 - Seattle 1
TOP OF THE 4TH
San Francisco Bandits batting - Pitching for Seattle Pikes : LHP Darren Blackwell
Batting: LHB Alan McGilroy 0-0: SINGLE (Flyball, 8RS)
Batting: SHB Ángel González 0-0: Ball
1-0: Ball
2-0: Swinging Strike
2-1: Ball
3-1: Foul Ball, location: 2F
3-2: Strikes out swinging
Batting: RHB Lorenzo Mota 0-0: Fly out, F9 (Flyball, 89S)
Batting: RHB Scott Merritt 0-0: Ball
1-0: Ball
2-0: Foul Ball, location: 2F
2-1: Ball
3-1: Fly out, F7 (Flyball, 7D)
Top of the 4th over - 0 runs, 1 hit, 0 errors, 1 left on base; San Francisco 3 - Seattle 1
BOTTOM OF THE 4TH
Seattle Pikes batting - Pitching for San Francisco Bandits : LHP Manuel Rodríguez
Batting: LHB Richard Hunter 0-0: Ball
1-0: Foul Ball, location: 2F
1-1: Ball
2-1: Ground out 4-3 (Groundball, 4)
Batting: RHB Robert Johnson 0-0: Fly out, F5 (Flyball, 5D)
Batting: RHB Esteban Concepción 0-0: Ball
1-0: Fly out, F9 (Flyball, 9S)
Bottom of the 4th over - 0 runs, 0 hits, 0 errors, 0 left on base; San Francisco 3 - Seattle 1
TOP OF THE 5TH
San Francisco Bandits batting - Pitching for Seattle Pikes : LHP Darren Blackwell
Batting: RHB Peter Bishop 0-0: Ball
1-0: Called Strike
1-1: Ball
2-1: Called Strike
2-2: Fly out, F7 (Line Drive, 7)
Batting: LHB Chris Austin 0-0: Ball
1-0: Called Strike
1-1: Swinging Strike
1-2: Ball
2-2: SINGLE (Flyball, 78M)
Batting: RHB Owen Carter 0-0: Foul Ball, location: 2F
0-1: Called Strike
0-2: Foul Ball, location: 2F
0-2: Foul Ball, location: 2F
0-2: Ball
Wild Pitch!
Chris Austin to second
1-2: Ball
2-2: Ball
3-2: Intentional Walk
Batting: SHB Terry Dailey 0-0: Ball
1-0: Called Strike
1-1: Foul Ball, location: 2F
1-2: Foul Ball, location: 2F
1-2: Ball
2-2: DOUBLE (Line Drive, 89XD)
Chris Austin scores
Owen Carter to third
Batting: RHB Millard Stark 0-0: Intentional Walk
Pitching: RHP Luis Libán
Batting: LHB Alan McGilroy 0-0: Ball
1-0: Called Strike
1-1: Ball
2-1: Called Strike
2-2: Fly out, F8 (Flyball, 89D)
Runner from 3rd tags up, SCORES, no throw
Batting: SHB Ángel González 0-0: Called Strike
0-1: Foul Ball, location: 2F
0-2: Reached on error, E5 (Groundball, 56)
Terry Dailey to third
Millard Stark to second
Batting: RHB Lorenzo Mota 0-0: Called Strike
0-1: Ball
1-1: Hit by Pitch
Terry Dailey scores
Millard Stark to third
Ángel González to second
Batting: RHB Scott Merritt 0-0: Ball
1-0: Fly out, F7 (Flyball, 7)
Top of the 5th over - 3 runs, 2 hits, 1 error, 3 left on base; San Francisco 6 - Seattle 1
BOTTOM OF THE 5TH
Seattle Pikes batting - Pitching for San Francisco Bandits : LHP Manuel Rodríguez
Batting: SHB Richard Bowman 0-0: Ball
1-0: Foul Ball, location: 2F
1-1: Swinging Strike
1-2: Ball
2-2: SINGLE (Groundball, 6MD)
Batting: RHB Anthony Rucker 0-0: Ball
1-0: Called Strike
1-1: Called Strike
1-2: Ball
2-2: Foul Ball, location: 2F
2-2: Grounds into double play, 6-4-3 (Groundball, 6)
Batting: RHB Seiji Kouno 0-0: Ball
1-0: Called Strike
1-1: Fly out, F4 (Line Drive, 4MD)
Bottom of the 5th over - 0 runs, 1 hit, 0 errors, 0 left on base; San Francisco 6 - Seattle 1
TOP OF THE 6TH
San Francisco Bandits batting - Pitching for Seattle Pikes : RHP Luis Libán
Batting: RHB Peter Bishop 0-0: Ball
1-0: Ball
2-0: Called Strike
2-1: Foul Ball, location: 2F
2-2: Strikes out swinging
Batting: LHB Chris Austin 0-0: Fly out, F5 (Popup, 5SF)
Batting: RHB Owen Carter 0-0: Ball
1-0: Ball
2-0: Foul Ball, location: 2F
2-1: SINGLE (Line Drive, 8RS)
Batting: SHB Terry Dailey 0-0: Called Strike
0-1: Ball
1-1: Fly out, F7 (Flyball, 78M)
Top of the 6th over - 0 runs, 1 hit, 0 errors, 1 left on base; San Francisco 6 - Seattle 1
BOTTOM OF THE 6TH
Seattle Pikes batting - Pitching for San Francisco Bandits : LHP Manuel Rodríguez
Batting: RHB Pete Rideout 0-0: TRIPLE (Groundball, 5L)
Batting: RHB Murai Ishihara 0-0: Foul Ball, location: 2F
0-1: Ball
1-1: SINGLE (Groundball, 6MD)
Pete Rideout scores
Batting: RHB Juan Estrada 0-0: Ball
1-0: Ball
2-0: Ball
3-0: Called Strike
3-1: SINGLE (Groundball, 56S) (infield hit)
Murai Ishihara to second
Pitching: RHP Brad Sharpe
Batting: LHB Richard Hunter 0-0: Swinging Strike
0-1: Ball
1-1: Foul Ball, location: 2F
1-2: SINGLE (Groundball, 4MD)
Murai Ishihara to third
Juan Estrada to second
Runner from 3rd tries for Home, SAFE, no throw
Batting: RHB Robert Johnson 0-0: Ball
1-0: SINGLE (Groundball, 56S) (infield hit)
Juan Estrada to third
Richard Hunter to second
Batting: RHB Esteban Concepción 0-0: Ball
1-0: Foul Ball, location: 2F
1-1: Ball
2-1: Swinging Strike
2-2: Ball
3-2: Fly out, F7 (Flyball, 7D)
Runner from 3rd tags up, SCORES, no throw
Batting: SHB Richard Bowman 0-0: Called Strike
0-1: Ball
1-1: Called Strike
1-2: Strikes out looking
Batting: RHB Anthony Rucker 0-0: Swinging Strike
0-1: Ball
1-1: 3-RUN HOME RUN (Flyball, 8RXD), Distance : 434 ft
Pitching: RHP Carlos Ledezma
Batting: RHB Seiji Kouno 0-0: Swinging Strike
0-1: Foul Ball, location: 2F
0-2: Ball
1-2: SINGLE (Line Drive, 7S)
Batting: RHB Pete Rideout 0-0: Ground out 6-3 (Groundball, 6)
Bottom of the 6th over - 6 runs, 7 hits, 0 errors, 1 left on base; San Francisco 6 - Seattle 7
TOP OF THE 7TH
San Francisco Bandits batting - Pitching for Seattle Pikes : RHP Luis Libán
Batting: RHB Millard Stark 0-0: Ball
1-0: Fly out, F8 (Flyball, 89M)
Pitching: LHP Manny Sandoval
Batting: LHB Alan McGilroy 0-0: Called Strike
0-1: Swinging Strike
0-2: Ball
1-2: Strikes out swinging
Pitching: RHP Sixto García
Batting: SHB Ángel González 0-0: Ground out 4-3 (Groundball, 4M)
Top of the 7th over - 0 runs, 0 hits, 0 errors, 0 left on base; San Francisco 6 - Seattle 7
BOTTOM OF THE 7TH
Seattle Pikes batting - Pitching for San Francisco Bandits : RHP Carlos Ledezma
Pitching: RHP António Ramos
Batting: RHB Murai Ishihara 0-0: Ball
1-0: Called Strike
1-1: Ball
2-1: Ball
3-1: Base on Balls
Pinch Hitting: LHB John Clark 0-0: Swinging Strike
0-1: Called Strike
0-2: Fly out, F8 (Flyball, 8LS)
Batting: LHB Richard Hunter 0-0: Called Strike
0-1: Fly out, F3 (Popup, 23)
Batting: RHB Robert Johnson 0-0: Called Strike
0-1: Ball
1-1: Ball
2-1: Called Strike
2-2: Fielders Choice at 2nd, 6-4 (Groundball, 6)
Bottom of the 7th over - 0 runs, 0 hits, 0 errors, 1 left on base; San Francisco 6 - Seattle 7
TOP OF THE 8TH
San Francisco Bandits batting - Pitching for Seattle Pikes : RHP Sixto García
Now in RF: John Clark
Batting: RHB Lorenzo Mota 0-0: Ball
1-0: Ball
2-0: Ground out 4-3 (Groundball, 34)
Batting: RHB Scott Merritt 0-0: Swinging Strike
0-1: Called Strike
0-2: Ball
1-2: Ball
2-2: Foul Ball, location: 2F
2-2: Foul Ball, location: 2F
2-2: Ground out 6-3 (Groundball, 6)
Batting: RHB Peter Bishop 0-0: Called Strike
0-1: Ball
1-1: Ball
2-1: Foul Ball, location: 2F
2-2: Ball
3-2: Foul Ball, location: 2F
3-2: Base on Balls
Pitching: RHP Orlando Ojeda
Batting: LHB Chris Austin 0-0: Ball
1-0: Ball
2-0: Ball
3-0: Called Strike
3-1: Foul Ball, location: 2F
3-2: Base on Balls
Peter Bishop to second
Batting: RHB Owen Carter 0-0: Ball
1-0: Ball
2-0: Foul Ball, location: 2F
2-1: Foul Ball, location: 2F
2-2: Strikes out swinging
Top of the 8th over - 0 runs, 0 hits, 0 errors, 2 left on base; San Francisco 6 - Seattle 7
BOTTOM OF THE 8TH
Seattle Pikes batting - Pitching for San Francisco Bandits : RHP António Ramos
Batting: RHB Esteban Concepción 0-0: Ball
1-0: Ground out 6-3 (Groundball, 6)
Batting: SHB Richard Bowman 0-0: Called Strike
0-1: Foul Ball, location: 2F
0-2: Ground out 4-3 (Groundball, 4S)
Batting: RHB Anthony Rucker 0-0: Ball
1-0: Ball
2-0: Ball
3-0: Called Strike
3-1: Base on Balls
Batting: RHB Seiji Kouno 0-0: Ball
1-0: Ball
2-0: Called Strike
2-1: Ball
3-1: Swinging Strike
3-2: Foul Ball, location: 2F
3-2: Foul Ball, location: 2F
3-2: Strikes out swinging
Bottom of the 8th over - 0 runs, 0 hits, 0 errors, 1 left on base; San Francisco 6 - Seattle 7
TOP OF THE 9TH
San Francisco Bandits batting - Pitching for Seattle Pikes : RHP Orlando Ojeda
Pitching: RHP Francisco Carrasco
Batting: SHB Terry Dailey 0-0: Ball
1-0: Called Strike
1-1: Called Strike
1-2: Foul Ball, location: 2F
1-2: Foul Ball, location: 2F
1-2: Ball
2-2: Foul Ball, location: 2F
2-2: Ball
3-2: Base on Balls
Batting: RHB Millard Stark 0-0: Bunted foul
0-1: Sac Bunt - play at first, batter OUT! 3-4
Terry Dailey to second
Batting: LHB Alan McGilroy 0-0: Ball
1-0: Ball
2-0: Called Strike
2-1: SINGLE (Flyball, 9S)
Terry Dailey to third
Throwing error, E9
Terry Dailey scores
Alan McGilroy to second
Batting: SHB Ángel González 0-0: Intentional Walk
Pinch Hitting: LHB Robinson López 0-0: Ball
1-0: Ball
2-0: Ball
3-0: Called Strike
3-1: Called Strike
3-2: Base on Balls
Alan McGilroy to third
Ángel González to second
Batting: RHB Scott Merritt 0-0: Called Strike
0-1: Foul Ball, location: 2F
0-2: Ball
1-2: Strikes out swinging
Batting: RHB Peter Bishop 0-0: Called Strike
0-1: Ball
1-1: Ball
2-1: Ground out 3-1 (Groundball, 34)
Top of the 9th over - 1 run, 1 hit, 1 error, 3 left on base; San Francisco 7 - Seattle 7
BOTTOM OF THE 9TH
Seattle Pikes batting - Pitching for San Francisco Bandits : RHP António Ramos
Now at 3B: Glenn Melican
Batting: RHB Pete Rideout 0-0: Ground out 1-3 (Groundball, 13S)
Batting: RHB Murai Ishihara 0-0: Called Strike
0-1: Ball
1-1: SOLO HOME RUN (Flyball, 7D), Distance : 387 ft
Saturday, April 7th, 2018 - OOTP Baseball 18.8 Build 76